 Dungeon Crawl Stone Soup version 0.32-a0-471-gb91d5d9764 (webtiles) character file.

Game seed: 8021824620728353408

161 Armakuni the Magician (level 5, -5/41 HPs)
             Began as a Human Wanderer on Feb 25, 2024.
             Was an Initiate of Vehumet.
             Slain by a phantom (7 damage)
             ... on level 4 of the Dungeon.
             The game lasted 00:09:21 (3628 turns).

Armakuni the Magician (Human Wanderer)              Turns: 3628, Time: 00:09:21

Health: -5/41      AC:  3    Str: 12    XL:     5   Next: 42%
Magic:  8/11       EV: 11    Int: 17    God:    Vehumet [......]
Gold:   181        SH:  0    Dex: 10    Spells: 6/12 levels left

rFire   . . .        a - +2 dagger (freeze)
rCold   . . .        (no shield)
rNeg    . . .        h - +0 robe
rPois   .            d - +0 helmet
rElec   .            (no cloak)
rCorr   .            (no gloves)
SInv    .            (no boots)
Will    +....        (no amulet)
Stlth   +            W - ring of willpower
HPRegen 0.26/turn    (no ring)
MPRegen 0.12/turn

%: no passive effects
@: about to teleport
A: explore regen
a: Renounce Religion


You were on level 4 of the Dungeon.
You worshipped Vehumet.
Vehumet was noncommittal.
You visited 2 branches of the dungeon, and saw 5 of its levels.

You collected 181 gold pieces.

Inventory:

Hand Weapons
 a - a +2 dagger of freezing (weapon)
Missiles
 n - a throwing net
Armour
 d - a +0 helmet (worn)
 h - a +0 robe (worn)
 r - a +0 buckler
Jewellery
 W - a ring of willpower (left hand)
Wands
 s - a wand of quicksilver (4)
Scrolls
 b - 2 scrolls of blinking
 c - a scroll of poison
 l - a scroll of teleportation
 o - a scroll of noise
 p - 3 scrolls of immolation
Potions
 e - a potion of degeneration {unknown}
 f - a potion of curing {unknown}
 g - 3 potions of heal wounds
 i - a potion of invisibility {unknown}
 k - a potion of cancellation {unknown}
 q - a potion of mutation {unknown}


   Skills:
 - Level 3.0 Fighting
 - Level 0.2 Maces & Flails
 - Level 2.0 Armour
 - Level 4.0 Spellcasting
 + Level 3.9 Conjurations
 - Level 1.0 Hexes
 - Level 2.0 Air Magic


You had 6 spell levels left.
You knew the following spells:

 Your Spells              Type           Power      Damage    Failure   Level
a - Magic Dart            Conj           64%        1d6       3%          1
m - Mephitic Cloud        Conj/Alch/Air  10%        N/A       22%         3
z - Searing Ray           Conj           32%        2d5       4%          2

Your spell library contained the following spells:

 Spells                   Type           Power      Damage    Failure   Level
 Shock                    Conj/Air       52%        1d6       4%          1
 Slow                     Hex            24%        N/A       11%         1
 Mercury Vapours          Alch/Air       12%        N/A       16%         2
 Dazzling Flash           Conj/Hex       22%        N/A       17%         3
 Cigotuvi's Dreadful Rot  Necr/Alch/Air  10%        N/A       19%         2
 Blink                    Tloc           6%         N/A       24%         2
 Call Imp                 Summ           6%         N/A       24%         2
 Lesser Beckoning         Tloc           6%         N/A       24%         2
 Sigil of Binding         Hex            6%         N/A       30%         3
 Gell's Gravitas          Tloc           3%         N/A       43%         3
 Ozocubu's Armour         Ice            3%         N/A       43%         3
 Teleport Other           Tloc           3%         N/A       43%         3
 Fulminant Prism          Conj/Alch      5%         3d7       56%         4
 Silence                  Hex/Air        4%         N/A       93%         5
 Metabolic Englaciation   Hex/Ice        2%         N/A       98%         5
 Curse of Agony           Necr           3%         N/A       99%         5
 Sculpt Simulacrum        Ice/Alch       1%         N/A       100%        6
 Malign Gateway           Summ/Tloc      1%         N/A       100%        7
 Summon Horrible Things   Summ           1%         N/A       100%        8


Dungeon Overview and Level Annotations

Branches:
Dungeon (4/15)             Temple (1/1) D:4

Altars:
Ashenzari
Dithmenos
Gozag
Hepliaklqana
Makhleb
Qazlal
Ru
Trog
Vehumet
Xom
Yredelemnul
Zin


Innate Abilities, Weirdness & Mutations

You regain HP and MP as you explore.


Message History

The adder is severely wounded.
The searing ray hits the adder.
The adder is almost dead.
You finish channelling your searing ray.
The adder closely misses you. The adder misses you.
The adder closely misses you.
Aiming: Searing Ray (safe; 4% risk of failure)
Press: ? - help, Q - select action, (/) - cycle Shift-Dir - straight line, f/p - adder
Aim: an adder (almost dead, 63% to hit)
The searing ray hits the adder!
You kill the adder!
Vehumet accepts your kill. (Press . to maintain the ray.)
Aiming: Searing Ray (safe; 4% risk of failure)
Press: ? - help, Q - select action, (/) - cycle Shift-Dir - straight line, f - phantom
Aim: a phantom (69% to hit)
The searing ray hits the phantom!
The phantom is moderately damaged. (Press . to maintain the ray.)
The phantom hits you.
The searing ray hits the phantom.
The phantom is moderately damaged.
The phantom hits you.
The phantom blinks!
You blink.
A centaur comes into view.
Found 15 gold pieces and a scroll of identify.
The centaur shouts!
An adder comes into view.
The centaur wields a +0 orcbow.
The centaur shoots an arrow.
The arrow hits you. The phantom hits you.
The centaur shoots an arrow.
The arrow hits you!
You hear an angry hiss.
The phantom hits you but does no damage.
The centaur shoots an arrow.
The arrow hits you!
As you read the scroll of teleportation, it crumbles to dust.
You feel strangely unstable.
The centaur shoots an arrow.
The arrow misses you. The phantom hits you.
The phantom blinks!
You blink.
The centaur shoots an arrow.
The arrow hits you!
* * * LOW HITPOINT WARNING * * *
The phantom hits you!
You die...

#............#
#..........###..........
..............?........#
..........####.........#
.......................##
.###.........$...........
.# #.#####.## #.......###
.. ..# #.# #.W.Sc..... ##
## #.## #.@...# #...
+.....# #..###.....#
#....ยง...### ##.#####.#
#######.# #.# #.......#
#.# #.####### #.# #.# #.#


You could see a phantom, a centaur and an adder.

Vanquished Creatures
  A bombardier beetle (D:3)
  4 adders
  A gnoll (D:1)
  A dart slug (D:3)
  6 bats
  3 endoplasms
  5 giant cockroaches
  9 hobgoblins
  4 jackals (D:2)
  12 kobolds
  4 quokkas
  4 ball pythons
  4 frilled lizards
  11 goblins
  2 rats (D:3)
71 creatures vanquished.

Notes
Turn   | Place    | Note
-------+----------+-------------------------------------------
     0 | D:1      | Armakuni the Human Wanderer began the quest for the Orb.
     0 | D:1      | Armakuni set off with the following items: a +0 club, a
                  | scroll of blinking, a +0 scale mail; and the following
                  | spells available to memorise: Shock, Slow, Mercury Vapours,
                  | Cigotuvi's Dreadful Rot, Sigil of Binding.
     0 | D:1      | Reached XP level 1. HP: 15/15 MP: 5/5
     0 | D:1      | Noticed a golden dragon
     1 | D:1      | Noticed an iron dragon
     1 | D:1      | Noticed an iron dragon
     3 | D:1      | Noticed an orb of fire
     3 | D:1      | Noticed a tentacled monstrosity
     5 | D:1      | Noticed an orb of fire
     6 | D:1      | Noticed a tentacled monstrosity
     7 | D:1      | Noticed an orb of fire
     8 | D:1      | Noticed a red draconian
    10 | D:1      | Noticed an ice dragon
    10 | D:1      | Noticed a white draconian
    12 | D:1      | Noticed an orb of fire
    13 | D:1      | Noticed a tentacled monstrosity
    14 | D:1      | Noticed an orb of fire
    16 | D:1      | Noticed a tentacled monstrosity
    18 | D:1      | Noticed an iron dragon
   109 | D:1      | Learned a level 1 spell: Magic Dart
   124 | D:1      | Reached XP level 2. HP: 17/22 MP: 7/7
   519 | D:1      | Learned a level 2 spell: Searing Ray
   702 | D:1      | Reached XP level 3. HP: 14/28 MP: 8/8
  1169 | D:2      | Reached skill level 1 in Conjurations
  1666 | D:2      | Reached XP level 4. HP: 35/35 MP: 1/10
  2558 | D:3      | Reached XP level 5. HP: 41/41 MP: 5/11
  2819 | D:3      | Learned a level 3 spell: Mephitic Cloud
  2878 | D:3      | Found a shadowy altar of Dithmenos.
  2954 | D:3      | Found a broken altar of Ashenzari.
  3191 | D:3      | Noticed a water moccasin
  3306 | D:4      | Found a staircase to the Ecumenical Temple.
  3317 | Temple   | Entered the Ecumenical Temple
  3340 | Temple   | Became a worshipper of Vehumet
  3614 | D:4      | Noticed a phantom
  3621 | D:4      | Noticed a centaur
  3627 | D:4      | HP: 2/41 [centaur/arrow (16)]
  3628 | D:4      | Slain by a phantom

Illustrated notes

Levels and vault maps discovered:
D:1:      shiori_arrival_whats_in_store_for_you, layout_basic,
          palyth_stone_intersect
D:2:      layout_basic, serial_co_window_serial, co_window_paths_a,
          co_window_paths_b, co_window_corner_a, co_window_corner_a,
          co_window_corner_a, co_window_paths_a, co_window_corner_a,
          co_window_paths_a, co_window_cross_1, co_window_broadway_a,
          co_window_of_opportunity_b, co_window_corner_b, co_window_corner_b,
          co_window_paths_c, co_window_paths_d, glass_columns_c,
          glass_columns_b, glass_columns_b
D:3:      layout_loops_ring, mainiacjoe_overflow_large_starburst,
          shapermc_ecumenical_altar_mp_vishouse
D:4:      layout_basic, minmay_temple_entry_sparse_star, serial_shops,
          nicolae_shop_tiny_waterfront
Temple:   compressed_dpeg_circular_temple

Skill      XL: |  1  2  3  4 |
---------------+-------------+-----
Fighting       | 2 3 |  3.0
Conjurations   | 1 3 |  3.9
Maces & Flails | |  0.2
Armour         | |  2.0
Spellcasting   | |  4.0
Hexes          | |  1.0
Air Magic      | |  2.0

Action                     |  1- 3 |  4- 6 || total
---------------------------+-------+-------++-------
  Melee: Dagger            |   127 |    27 ||   154
         Club              |     5 |       ||     5
  Throw: Throwing net      |     2 |       ||     2
   Cast: Searing Ray       |     8 |    34 ||    42
         Magic Dart        |     5 |       ||     5
    Use: Scroll            |     2 |     7 ||     9
         Potion            |     1 |       ||     1
   Stab: Held in net/web   |     1 |       ||     1
 Armour: Scale mail        |    71 |       ||    71
         Robe              |    22 |    39 ||    61
  Dodge: Dodged            |    70 |    32 ||   102

Table legend: (Time is in decaauts)
 A = Elapsed time spent in this place.
 B = Non-inter-level travel time spent in this place.
 C = Inter-level travel time spent in this place.
 D = Time resting spent in this place.
 E = Time spent auto-exploring this place.
 F = Levels seen in this place.
 G = Mean time per level.
                   A        B        C        D        E       F      G
               +--------+--------+--------+--------+--------+-----+--------+
         Total |   3615 |   3502 |    113 |    297 |   2402 |   5 |  723.0 |
       Dungeon |   3568 |   3477 |     91 |    297 |   2402 |   4 |  892.0 |
        Temple |     46 |     24 |     22 |      0 |      0 |   1 |   46.0 |
               +--------+--------+--------+--------+--------+-----+--------+

Top non-repeatable levels by time:
     D:2: 1522 daAuts
     D:1: 943 daAuts
     D:3: 794 daAuts
     D:4: 308 daAuts
  Temple: 46 daAuts
